AoeStats
← RLF_jcat

Black Forest

507371223Analyzed
2v2 RM · 14d ago on Sep 17, 2026· 54m 1s· 4 players
Game mode
Random Map
Map size
Medium (4 player)
Population
200
Speed
Normal
Resources
Standard
Victory
Conquest
Starting age
Dark Age
Ending age
Imperial Age
RankedLock teamsTeams togetherTeam positionsShared explorationLock speedFull tech treeHidden civsTurbo modeCheats
Victory
Defeat
🇺🇸 Celts · United States
1028
+16
🇧🇷 Khmer · Brazil
992
+17
🇺🇸 Teutons · United States
1102
-20
🇺🇸 Mongols · United States
946
-13
RLF_jcat
0:26 Loom
15:06 Feudal Age
20:15 Castle Age
18:08 Double-Bit Axe
20:17 Fishing Lines
21:45 Gillnets
22:37 Bow Saw
23:06 Horse Collar
24:41 Stone Mining
25:42 Heavy Plow
25:51 Gold Mining
28:20 Fortified Wall
29:28 Scale Barding Armor
29:33 Forging
30:54 Wheelbarrow
33:58 Imperial Age
33:29 Pikeman
34:09 Squires
34:30 Caravan
34:36 Scale Mail Armor
34:58 Chain Barding Armor
35:13 Iron Casting
34:27 Town Watch
35:43 Stone Shaft Mining
34:48 Halberdier
35:17 Cavalier
36:08 Bloodlines
36:31 Crenellations
36:13 Fletching
36:12 Onager
37:22 Hand Cart
37:25 Bodkin Arrow
38:11 Iron Casting
38:23 Conscription
38:41 Siege Engineers
38:57 Ballistics
40:16 Masonry
41:08 Chemistry
41:12 Two-Man Saw
41:56 Ironclad
41:51 Paladin
44:06 Hoardings
43:25 Siege Onager
44:49 Crop Rotation
44:57 Plate Barding Armor
45:23 Blast Furnace
45:08 Arson
45:42 Town Patrol
47:11 Chain Mail Armor
49:50 Plate Mail Armor
fearmenot614
0:27 Loom
17:25 Feudal Age
20:30 Double-Bit Axe
25:21 Castle Age
26:06 Wheelbarrow
25:18 Horse Collar
29:01 Husbandry
36:28 Bow Saw
36:38 Hand Cart
36:26 Gold Mining
36:32 Fishing Lines
37:48 Bloodlines
38:14 Nomads
38:57 Scale Barding Armor
54:34 Imperial Age
52:45 Forging
Such_A_Noob
1:45 Loom
12:44 Feudal Age
13:18 Double-Bit Axe
21:06 Castle Age
22:12 Fishing Lines
25:24 Fletching
25:48 Gillnets
26:51 Wheelbarrow
28:00 Scale Mail Armor
27:53 Town Watch
34:03 Imperial Age
31:55 Pikeman
33:23 Forging
33:29 Chain Mail Armor
35:50 Hand Cart
35:04 Onager
35:48 Horse Collar
36:45 Plate Mail Armor
36:51 Iron Casting
35:47 Halberdier
37:27 Elite Woad Raider
38:41 Heavy Scorpion
45:18 Caravan
46:35 Blast Furnace
46:08 Gold Mining
47:45 Furor Celtica
50:01 Chemistry
ERJ1919
0:40 Loom
13:58 Feudal Age
19:31 Castle Age
18:06 Double-Bit Axe
18:42 Horse Collar
22:06 Town Watch
24:15 Bow Saw
25:05 Heavy Plow
26:20 Gold Mining
26:23 Stone Mining
28:10 Wheelbarrow
30:03 Fortified Wall
34:22 Stone Shaft Mining
34:32 Gold Shaft Mining
35:47 Hand Cart
36:01 Ballistics
42:00 Imperial Age
39:31 Town Patrol
42:48 Double Crossbow
43:17 Siege Engineers
44:35 Crop Rotation
45:28 Chemistry
45:43 Conscription
45:44 Heavy Scorpion
Connection lost

Rejoining the realm…

Still unreachable

The connection could not be restored.

Session expired

The server has moved on; the page needs a fresh start.